 Dungeon Crawl Stone Soup version 0.30.0-29-ga12c61a403 (webtiles) character file.

Game seed: 7898542515276659862

57381 ChadusMaximus the Convoker (level 14, -11/125 HPs)
             Began as a Barachi Summoner on June 22, 2023.
             Was an Elder of Ashenzari.
             Killed from afar by Azrael (33 damage)
             ... with damnation
             ... on level 12 of the Dungeon.
             The game lasted 00:56:18 (21509 turns).

ChadusMaximus the Convoker (Barachi Summoner)      Turns: 21509, Time: 00:56:19

Health: -11/125    AC: 11    Str: 14    XL:     14   Next: 85%
Magic:  21/30      EV: 14    Int: 35    God:    Ashenzari [****..]
Gold:   506        SH: 13    Dex: 13    Spells: 28/38 levels left

rFire   . . .        R - +7 long sword of the Eternal Augur {flame, Self, Alch} (curse)
rCold   . . .        x - +0 kite shield of the Celestial Sybil {Range, Evo} (curse)
rNeg    . . .        y - +0 robe of Ashenzari's Secrets {Int+3, Evo, Range} (curse)
rPois   .            u - +1 hat "Monotheism of Ashenzari" {Str+5, Elem, Self} (curse)
rElec   .            (no cloak)
rCorr   .            z - +2 pair of gloves of the Eye in the Sky {Alch, Comp} (curse)
SInv    +            P - +0 pair of boots of the Wild Blue Yonder {Int+5, Cun, Fort} (curse)
Will    +....        H - amulet of regeneration
Stlth   ++           n - ring of the Fated Negation {Int+6, Melee, Evo} (curse)
HPRegen 1.20/turn    d - +4 ring of protection
MPRegen 0.22/turn

%: clarity
@: unable to hop, slow
A: amphibious, slowness 1, strong legs 2, +LOS
a: Hop, Renounce Religion, Shatter the Chains


You were on level 12 of the Dungeon.
You worshipped Ashenzari.
Ashenzari was greatly pleased with you.
You visited 3 branches of the dungeon, and saw 18 of its levels.

You collected 1329 gold pieces.
You spent 823 gold pieces at shops.

Inventory:

Hand Weapons
 G - a -2 demon whip of venom
 R - the cursed +7 long sword of the Eternal Augur (weapon) {flame, Self, Alch}
   (You took it off a wight on level 10 of the Dungeon)

   It has a curse which improves the following skills: Introspection: Fighting
   and Spellcasting.
   Alchemy:   Poison Magic and Transmutations.
Missiles
 v - 2 throwing nets
Armour
 a - a +0 robe
 u - the cursed +1 hat "Monotheism of Ashenzari" (worn) {Str+5, Elem, Self}
   (You bought it in a shop on level 1 of the Dungeon)

   Str:       It affects your strength (+5).
   It has a curse which improves the following skills: Elements: Fire Magic, Ice
   Magic, Air Magic and Earth Magic.
   Introspection: Fighting and Spellcasting.
 x - the cursed +0 kite shield of the Celestial Sybil (worn) {Range, Evo}
   (You found it on level 5 of the Dungeon)

   It has a curse which improves the following skills: Ranged Combat: Ranged
   Weapons and Throwing.
   Evocations: Evocations.
 y - the cursed +0 robe of Ashenzari's Secrets (worn) {Int+3, Evo, Range}
   (You bought it in a shop on level 1 of the Dungeon)

   Int:       It affects your intelligence (+3).
   It has a curse which improves the following skills: Evocations: Evocations.
   Ranged Combat: Ranged Weapons and Throwing.
 z - the cursed +2 pair of gloves of the Eye in the Sky (worn) {Alch, Comp}
   (You bought it in a shop on level 1 of the Dungeon)

   It has a curse which improves the following skills: Alchemy: Poison Magic and
   Transmutations.
   Companions: Summonings and Necromancy.
 A - a +0 pair of boots
 B - a +1 pair of gloves
 P - the cursed +0 pair of boots of the Wild Blue Yonder (worn) {Int+5, Cun, Fort}
   (You bought it in a shop on level 1 of the Dungeon)

   Int:       It affects your intelligence (+5).
   It has a curse which improves the following skills: Cunning: Dodging and
   Stealth.
   Fortitude: Armour and Shields.
 X - a +2 robe of fire resistance
Jewellery
 c - a ring of willpower
 d - a +4 ring of protection (right hand)
 f - a +6 ring of dexterity
 n - the cursed ring of the Fated Negation (left hand) {Int+6, Melee, Evo}
   (You found it on level 2 of the Dungeon)

   [ring of intelligence]

   Int:       It affects your intelligence (+6).
   It has a curse which improves the following skills: Melee Combat: Short
   Blades, Long Blades, Axes, Maces & Flails, Polearms, Staves and Unarmed
   Combat.
   Evocations: Evocations.
 H - an amulet of regeneration (around neck)
 S - a +4 ring of slaying
 V - the ring "Toros" {+Blink rPois rCorr Str+5 Dex-4}
   (You found it on level 5 of the Lair of Beasts)

   [ring of poison resistance]

   Str:       It affects your strength (+5).
   Dex:       It affects your dexterity (-4).
   rPois:     It protects you from poison.
   +Blink:    It lets you blink.
   rCorr:     It protects you from acid and corrosion.
 W - a ring of fire
Wands
 e - a wand of mindburst (20)
 l - a wand of quicksilver (7)
 t - a wand of digging (4)
 D - a wand of charming (27)
 E - a wand of polymorph (28)
 F - a wand of flame (26)
 J - a wand of iceblast (7)
Scrolls
 h - 4 scrolls of fear
 i - 4 scrolls of vulnerability
 j - 2 scrolls of teleportation
 p - 4 scrolls of silence
 q - 4 scrolls of noise
 r - 2 scrolls of blinking
 I - 6 scrolls of fog
 L - 4 scrolls of magic mapping
 M - a scroll of amnesia
 T - a scroll of brand weapon
 U - a scroll of enchant armour
Potions
 b - 3 potions of magic
 g - 2 potions of ambrosia
 k - 2 potions of attraction
 m - 4 potions of degeneration
 o - 8 potions of curing
 s - 4 potions of brilliance
 w - 4 potions of flight
 C - a potion of heal wounds
 K - 2 potions of berserk rage
 N - 2 potions of might
 O - a potion of invisibility
 Q - a potion of cancellation


   Skills:
 + Level 13.5(16.1) Fighting
 - Level 12.3(14.1) Long Blades
 - Level 1.3(2.5) Armour
 + Level 5.2(7.0) Dodging
 - Level 1.7(3.1) Stealth
 + Level 12.6(14.3) Shields
 - Level 9.8(12.5) Spellcasting
 + Level 17.1(18.7) Summonings


You had 28 spell levels left.
You knew the following spells:

 Your Spells              Type           Power      Damage    Failure   Level
a - Summon Small Mammal   Summ           100%       N/A       0%          1
b - Call Imp              Summ           100%       N/A       0%          2
c - Call Canine Familiar  Summ           100%       N/A       0%          3
d - Summon Lightning Spi  Summ/Air       73%        N/A       1%          4

Your spell library contained the following spells:

 Spells                   Type           Power      Damage    Failure   Level
 Summon Guardian Golem    Hex/Summ       73%        N/A       1%          3
 Animate Armour           Summ/Erth      100%       N/A       1%          4
 Beastly Appendage        Tmut           48%        N/A       3%          1
 Foxfire                  Conj/Fire      88%        2x1d8     3%          1
 Freeze                   Ice            92%        1d9       3%          1
 Kiss of Death            Conj/Necr      88%        2d12      3%          1
 Necrotise                Necr           92%        1d8       3%          1
 Wereblood                Tmut           24%        N/A       4%          2
 Frozen Ramparts          Ice            46%        1d7       10%         3
 Spider Form              Tmut/Pois      24%        N/A       10%         3
 Vampiric Draining        Necr           23%        2d7       10%         3
 Hailstorm                Conj/Ice       22%        3d7       11%         3
 Petrify                  Tmut/Erth      23%        N/A       32%         4
 Iskenderun's Mystic Bla  Conj/Tloc      21%        2d6       34%         4
 Agony                    Necr           23%        N/A       65%         5
 Blade Hands              Tmut           12%        N/A       65%         5
 Fireball                 Conj/Fire      11%        3d7       67%         5
 Metabolic Englaciation   Hex/Ice        11%        N/A       67%         5
 Iskenderun's Battlesphe  Conj           21%        2d7       69%         5
 Conjure Ball Lightning   Conj/Air       11%        3x3d6     99%         6
 Iron Shot                Conj/Erth      11%        9d3       99%         6
 Plasma Beam              Fire/Air       11%        2x1d24    99%         6
 Starburst                Conj/Fire      11%        6d5       99%         6
 Statue Form              Tmut/Erth      15%        N/A       99%         6
 Orb of Destruction       Conj           10%        9d6       100%        7


Dungeon Overview and Level Annotations

Branches:
Dungeon (12/15)            Temple (1/1) D:4            Lair (5/5) D:10
  Swamp (0/4) Lair:2       Spider (0/4) Lair:2        Slime (0/5) Lair:5
    Orc (0/2) D:12

Altars:
Ashenzari
Cheibriados
Dithmenos
Elyvilon
Fedhas
Gozag
Hepliaklqana
Kikubaaqudgha
Makhleb
Nemelex Xobeh
Okawaru
Qazlal
Ru
Sif Muna
Trog
Uskayaw
Vehumet
Wu Jian
Xom
Yredelemnul
Zin
The Shining One
Jiyva

Shops:
D:1 [([[   D:11 =

Annotations:
D:9 2 transporters
D:12 Azrael
Lair:1 3 runed translucent doors, ChadusMaximus's ghost, journeyman DrSu


Innate Abilities, Weirdness & Mutations

You are amphibious.
You cover ground slowly.
You can hop long distances.
You have an extended range of vision and can be seen from far away.


Message History

Azrael gestures at you. The bolt of fire hits you!
Casting: Call Canine Familiar (safe; 0% risk of failure)
Confirm with . or Enter, or press ? or * to list all spells.
Azrael gestures at you.
The sphere of damnation explodes!
The damnation engulfs you!! The damnation engulfs your warg!!
You hear a shout!
Azrael closely misses your warg.
Your warg bites Azrael.
Things that are here:
a +0 ring mail; a +0 spear
Casting: Call Canine Familiar (safe; 0% risk of failure)
Confirm with . or Enter, or press ? or * to list all spells.
An electric hum fills the air.
Azrael hits your warg with a +3 scimitar of flaming!
Azrael burns your warg.
Your warg dies!
Your warg's corpse disappears in a puff of smoke!
Azrael gestures at you.
The fireball explodes!
The fireball engulfs you!!
* * * LOW HITPOINT WARNING * * *
Azrael blows smoke rings.
Hop to where?
Press: ? - help, Dir - move target Boing!
Things that are here:
a +3 scale mail; a +0 spear
Things that are here:
3 poisoned darts; a +0 whip
As you read the scroll of teleportation, it crumbles to dust.
You feel strangely unstable.
You see here a +0 giant club.
Your surroundings seem slightly different.
Azrael gestures at you.
The sphere of damnation explodes!
The damnation engulfs you!!
* * * LOW HITPOINT WARNING * * *
You feel better. Azrael gestures at you.
The sphere of damnation explodes!
The damnation engulfs you!!
You die...

#...##.#.###○..####.R# *
#####...##.....#°...# #.°## * ,
....#...##.....#R[#.####..#####..
............).....#..............
...[...####.....[..........######
##'#...# #....#(.######...#
.......# #....#)## ####°#.#
.......# ######.#8...8#☼..#
.......# ***#@#.....#○..###
.......####....#§)..>..#°°...#
............#* #.#.....#°..#†#
.....<.####.# #.#8...8#○#○#†#
...)..)####.####.#######☼#.#.##
.#.#.[#........#....# #.#.#†.##
.#.#..#........##...####.#.##.○##
..)..<#...?............#.#.###.Y#
.....##................#.#.####.Y


You could see Azrael.

Vanquished Creatures
  A two-headed ogre (D:11)
  Amaemon (Lair:3)
  An elephant (Lair:5)
  An unseen horror (D:11)
  Psyche (D:12)
  5 cane toads
  2 trolls
  A tyrant leech (Lair:5)
  3 blink frogs
  2 slime creatures (D:12)
  A shadow (D:11)
  A wraith (D:12)
  A wyvern (Lair:4)
  16 yaks
  2 vampire mosquitoes (Lair:5)
  14 water moccasins
  An ice beast (D:5)
  4 centaurs
  2 wolves (Lair:2)
  A phantom (D:5)
  6 bullfrogs
  A scorpion (D:4)
  5 killer bees
  A howler monkey (D:9)
  An electric eel (D:11)
  2 hounds
  An iguana (D:6)
  2 sleepcaps
  A hell rat (Lair:5)
  8 adders
  An ufetubus (D:5)
  An adder skeleton (D:2)
  A worm (D:4)
  A dart slug (D:3)
  6 orcs
  3 bats
  A bat zombie (D:2)
  9 endoplasms
  A giant cockroach (D:4)
  7 goblins
  5 hobgoblins
  A jackal (D:3)
  8 kobolds
  A quokka (D:2)
  A ball python (D:3)
  3 frilled lizards (D:1)
  A goblin skeleton (D:3)
  A hobgoblin zombie (D:3)
  A kobold skeleton (D:3)
  An orc skeleton (D:3)
  2 orc zombies (D:3)
145 creatures vanquished.

Vanquished Creatures (collateral kills)
  Gastronok (Lair:2)
  Kirke (D:12)
  Nessos (Lair:3)
  Erolcha (D:11)
  2 hydras
  A two-headed ogre (D:8)
  7 death yaks
  Sonja (Lair:1)
  A fire crab (Lair:4)
  3 skysharks (Lair:5)
  2 cyclopes (D:11)
  Maurice (D:8)
  An orange demon (Lair:3)
  5 elephants (Lair:5)
  2 black mambas (Lair:2)
  A torpor snail (Lair:5)
  A gargoyle (D:8)
  10 cane toads
  6 komodo dragons
  A meliai (Lair:2)
  A hornet (D:9)
  A tyrant leech (Lair:5)
  4 trolls
  15 blink frogs
  Prince Ribbit (D:9)
  3 slime creatures
  A wraith (D:9)
  3 wyverns
  2 shadows (D:9)
  7 hogs (D:12)
  3 basilisks
  A fire elemental (D:12)
  54 yaks
  Eustachio (D:5)
  Grum (D:10)
  6 vampire mosquitoes
  3 acid dragons
  22 water moccasins
  6 hell hounds (D:12)
  2 black bears
  6 orc warriors
  A sky beast (D:7)
  2 centaurs (D:11)
  9 wolves
  3 ogres (D:12)
  A phantom (D:4)
  7 kobold brigands
  12 bullfrogs
  7 gnoll sergeants
  3 scorpions
  14 wights
  15 killer bees
  3 howler monkeys (D:8)
  2 nameless horrors
  2 electric eels (Lair:5)
  A crimson imp (D:3)
  A gnoll bouda (D:10)
  A hound (D:7)
  5 orc priests
  3 jellies (Lair:5)
  3 iguanas
  Natasha (twice) (D:2)
  10 orc wizards
  3 hell rats (Lair:5)
  A hound zombie (D:2)
  13 gnolls
  14 adders
  2 ufetubi
  A dart slug (D:1)
  25 orcs
  A bat skeleton (D:2)
  3 endoplasms (D:4)
  4 giant cockroaches (D:3)
  2 goblins
  3 hobgoblins (D:4)
  5 jackals
  9 kobolds
  A ball python (D:2)
  A ball python skeleton (D:2)
  A giant cockroach zombie (D:2)
  A goblin skeleton (D:3)
  3 goblin zombies (D:3)
  3 hobgoblin zombies (D:3)
  An orc skeleton (D:3)
  3 rats
  4 butterflies
403 creatures vanquished.

Grand Total: 548 creatures vanquished

Notes
Turn   | Place    | Note
-------+----------+-------------------------------------------
     0 | D:1      | ChadusMaximus the Barachi Summoner began the quest for the
                  | Orb.
     0 | D:1      | Reached XP level 1. HP: 13/13 MP: 3/3
   104 | D:1      | Found Jalaadok's Antique Armour Shoppe.
   201 | D:1      | Found Qaky's Weapon Boutique.
   223 | D:1      | Reached skill level 5 in Summonings
   237 | D:1      | Reached XP level 2. HP: 13/19 MP: 5/5
   304 | D:1      | Found Jiemmusm's Antique Armour Boutique.
   377 | D:1      | Found Astreehu's Antique Armour Emporium.
   911 | D:1      | Found Fuduw's Antique Armour Emporium.
  1034 | D:2      | Reached XP level 3. HP: 24/24 MP: 3/6
  1037 | D:2      | Learned a level 2 spell: Call Imp
  1041 | D:2      | Learned a level 3 spell: Call Canine Familiar
  1359 | D:2      | Reached skill level 6 in Summonings
  1431 | D:2      | Identified the +0 leather armour "Atralumm" {Will+ Str-3
                  | SInv}
  1437 | D:2      | Found a faded altar of an unknown god.
  1574 | D:2      | Reached XP level 4. HP: 30/30 MP: 8/8
  1653 | D:2      | Noticed Natasha
  1682 | D:2      | Killed Natasha
  1693 | D:2      | Reached XP level 5. HP: 24/35 MP: 1/10
  1743 | D:2      | Noticed Natasha
  1752 | D:2      | Killed Natasha
  1831 | D:2      | Identified the +8 dagger of Defence {pain, rC- Int+5}
  1877 | D:3      | Found a shimmering altar of Xom.
  1908 | D:3      | Reached skill level 7 in Summonings
  2284 | D:3      | Found a glowing golden altar of the Shining One.
  2342 | D:3      | Reached XP level 6. HP: 31/41 MP: 4/11
  2593 | D:3      | Found a sacrificial altar of Ru.
  2727 | D:3      | Reached skill level 8 in Summonings
  3254 | D:4      | Found a staircase to the Ecumenical Temple.
  3267 | Temple   | Entered the Ecumenical Temple
  3304 | Temple   | Became a worshipper of Ashenzari the Shackled
  3395 | D:4      | Reached XP level 7. HP: 29/46 MP: 2/13
  3704 | D:4      | Reached skill level 9 in Summonings
  3890 | D:4      | Reached skill level 5 in Spellcasting
  4029 | D:4      | Learned a level 4 spell: Summon Lightning Spire
  4030 | D:5      | Entered Level 5 of the Dungeon
  4110 | D:5      | Reached skill level 1 in Shields
  4110 | D:5      | Reached XP level 8. HP: 52/52 MP: 6/16
  4113 | D:5      | Reached skill level 10 in Summonings
  4379 | D:5      | Found a radiant altar of Vehumet.
  4468 | D:5      | Found a blossoming altar of Fedhas.
  4625 | D:5      | Noticed Eustachio
  4632 | D:5      | Killed Eustachio
  5280 | D:6      | Found a glowing silver altar of Zin.
  5315 | D:6      | Reached skill level 11 in Summonings
  5315 | D:6      | Reached XP level 9. HP: 57/57 MP: 14/18
  5826 | D:7      | Reached skill level 5 in Shields
  6575 | D:7      | Reached skill level 12 in Summonings
  6899 | D:8      | Noticed a two-headed ogre
  6907 | D:8      | Killed a two-headed ogre
  6962 | D:8      | Reached XP level 10. HP: 63/63 MP: 14/20
  7043 | D:8      | Noticed Maurice
  7110 | D:8      | Reached skill level 13 in Summonings
  7413 | D:8      | Noticed a gargoyle
  7871 | D:8      | Killed Maurice
  8039 | D:8      | Killed a gargoyle
  8582 | D:9      | Reached skill level 14 in Summonings
  8588 | D:9      | Reached XP level 11. HP: 31/68 MP: 6/23
  8592 | D:9      | HP: 3/68 [yak (13)]
  8713 | D:9      | Found a hazy altar of Hepliaklqana.
  8728 | D:8      | Reached skill level 10 in Shields
  9000 | D:9      | Reached * piety under Ashenzari
  9129 | D:9      | Noticed Prince Ribbit
  9142 | D:9      | Killed Prince Ribbit
  9706 | D:9      | Found a transporter.
  9790 | D:9      | Found a transporter.
  9792 | D:9      | Identified the staff of poison "Upriwecs" {rPois Str+3
                  | Dex+3 Stlth+}
  9921 | D:10     | Entered Level 10 of the Dungeon
 10127 | D:1      | Bought a pair of encrusted boots for 247 gold pieces
 10127 | D:1      | Identified the +0 pair of boots of Prudence {Int+5} (You
                  | bought it in a shop on level 1 of the Dungeon)
 10174 | D:1      | Bought a smouldering hat for 216 gold pieces
 10174 | D:1      | Identified the +1 hat of Vampiric Thralls {Str+5} (You
                  | bought it in a shop on level 1 of the Dungeon)
 10586 | D:10     | Reached skill level 15 in Summonings
 10717 | D:10     | Noticed Grum
 10742 | D:10     | Killed Grum
 11445 | D:10     | Found a staircase to the Lair.
 11576 | Lair:1   | Entered Level 1 of the Lair of Beasts
 11918 | Lair:1   | Noticed Sonja
 11932 | Lair:1   | Killed Sonja
 11933 | Lair:1   | Reached skill level 1 in Fighting
 11933 | Lair:1   | Reached skill level 1 in Long Blades
 11933 | Lair:1   | Reached XP level 12. HP: 78/78 MP: 22/25
 11940 | Lair:1   | Identified the cursed +0 kite shield of the Celestial Sybil
                  | {Range, Evo} (You found it on level 5 of the Dungeon)
 11940 | Lair:1   | Identified the cursed ring of the Fated Negation {Int+6,
                  | Melee, Evo} (You found it on level 2 of the Dungeon)
 12119 | Lair:1   | Found a runed translucent gate.
 12172 | Lair:1   | Found a runed translucent gate.
 12173 | Lair:1   | Found a runed translucent gate.
 12174 | Lair:1   | Noticed ChadusMaximus's ghost (journeyman DrSu)
 12627 | Lair:2   | Found a staircase to the Swamp.
 12710 | Lair:2   | Reached skill level 16 in Summonings
 12802 | Lair:2   | Noticed Gastronok
 12816 | Lair:2   | Killed Gastronok
 12987 | Lair:1   | HP: 4/84 [poisoned by a black mamba]
 12992 | Lair:1   | HP: 3/84 [poisoned by a black mamba]
 13350 | Lair:2   | Reached skill level 5 in Fighting
 13373 | Lair:2   | Reached skill level 5 in Long Blades
 13892 | Lair:2   | Found a hole to the Spider Nest.
 13910 | Lair:2   | Identified the +1 lajatang of Wyreczaf {venom, Int+3}
 14033 | Lair:3   | Noticed Amaemon
 14131 | Lair:2   | Reached ** piety under Ashenzari
 14241 | Lair:3   | Noticed a death yak
 14245 | Lair:3   | Noticed a death yak
 14564 | Lair:3   | Noticed Nessos
 14892 | D:11     | Noticed a two-headed ogre
 15218 | D:11     | Gained mutation: You can hop long distances. [Barachi
                  | growth]
 15218 | D:11     | Reached XP level 13. HP: 96/97 MP: 22/26
 15786 | D:11     | Found Hugrodes's Jewellery Shop.
 15841 | D:11     | Noticed Erolcha
 15851 | D:11     | Killed Erolcha
 16562 | D:12     | Noticed Psyche
 16577 | D:12     | Killed Psyche
 16819 | D:12     | Reached skill level 10 in Fighting
 16819 | D:12     | Reached skill level 10 in Long Blades
 16932 | D:12     | Noticed Kirke
 16965 | D:12     | Killed Kirke
 17063 | D:12     | Found a staircase to the Orcish Mines.
 17375 | D:12     | Noticed Azrael
 17609 | D:1      | Bought a sheer robe for 165 gold pieces
 17609 | D:1      | Identified the +0 robe of Dinackut {Int+3} (You bought it
                  | in a shop on level 1 of the Dungeon)
 17682 | D:1      | Bought a pair of glowing gloves for 195 gold pieces
 17696 | D:1      | Reached *** piety under Ashenzari
 18468 | Lair:3   | Found an ornate altar of the Wu Jian Council.
 18581 | Lair:3   | Killed Nessos
 18582 | Lair:3   | Reached XP level 14. HP: 109/118 MP: 21/29
 18588 | Lair:3   | Killed Amaemon
 19228 | Lair:4   | Reached skill level 1 in Armour
 19657 | Lair:5   | Entered Level 5 of the Lair of Beasts
 19865 | Lair:5   | Reached **** piety under Ashenzari
 20283 | Lair:5   | Identified the Quarto of Hurting
 20283 | Lair:5   | Identified the ring "Toros" {+Blink rPois rCorr Str+5
                  | Dex-4}
 20788 | Lair:5   | Found a viscous altar of Jiyva.
 20788 | Lair:5   | Found a staircase to the Slime Pits.
 20791 | Lair:5   | Reached skill level 17 in Summonings
 20795 | Lair:5   | Reached skill level 5 in Dodging
 21509 | D:12     | Killed from afar by Azrael

Illustrated notes

Levels and vault maps discovered:
D:1:      grunt_arrival_crossed_arrows, layout_basic, serial_shops, shop,
          nicolae_shop_real_fake_doors, nicolae_shop_tiny_waterfront,
          nicolae_shop_pleasant_corner_grove, nicolae_shop_tiny_statue_garden
D:2:      layout_basic, nicolae_ecumenical_lake_church,
          dilly_guarded_unrand_morg
D:3:      layout_basic, amcnicky_altar_gilded, nicolae_ru_sacrificial_ziggurat,
          nicolae_tso_besieged_by_evil, minivault_24
D:4:      layout_basic, minmay_temple_entry_overgrown
D:5:      cheibrodos_quashed, layout_rooms, mainiacjoe_overflow_brackets,
          fedhas_ov_isle_minmay, st_stairs_7, chequers_serial_rivers_small_3,
          uniq_eustachio
D:6:      nicolae_cairo_tiling_large, layout_gridville, lemuel_crystal_altar,
          minmay_misc_feat_tower
D:7:      layout_basic
D:8:      layout_cave_pools, minmay_starry_boxes, uniq_maurice
D:9:      gammafunk_beogh_shrine, layout_basic,
          mainiacjoe_overflow_tiny_flanked, uniq_prince_ribbit1
D:10:     layout_loops_ring, grunt_lair_entry_orc_guard_hut, st_stairs_5,
          uniq_grum
D:11:     lemuel_reptile_caves, layout_loops_ring, serial_shops, shop,
          water_boxes_lemuel, uniq_erolcha
D:12:     layout_basic, kennysheep_orc_monster_closet_entryway,
          skrybe_limestone_x, uniq_psyche, uniq_fannar, uniq_kirke, uniq_azrael,
          uniq_snorg
Temple:   minmay_freezing_vapour_temple
Lair:1:   layout_small_grid, gammafunk_ghost_necromancy, lemuel_fruit_fields,
          uniq_sonja
Lair:2:   layout_gridlike, swamp_mist, hellmonk_spider_entry_not_the_bees,
          infiniplex_staircase_pool_2, serial_bayou_shore_b, grunt_megastairs_2,
          uniq_gastronok
Lair:3:   layout_misc_corridors, basic_altar, st_stairs_9, uniq_amaemon,
          uniq_nessos
Lair:4:   layout_layer_cave, lemuel_fruit_fields
Lair:5:   minmay_lair_end_frog_pond, layout_gridlike, minmay_slime_entry_pillars

Skill      XL: |  1  2  3  4  5  6  7  8  9 10 11 12 13 14 |
---------------+-------------------------------------------+-----
Summonings     | 5 6 7 8 9 11 12 14 15 16 17 | 17.1
Spellcasting   | 3 4 5 6 7 8 9 |  9.8
Shields        | 1 4 7 9 11 12 | 12.6
Fighting       | 1 7 11 13 | 13.5
Long Blades    | 1 7 11 12 | 12.3
Armour         | 1 |  1.3
Dodging        | 5 |  5.2
Stealth        | |  1.7

Action                     |  1- 3 |  4- 6 |  7- 9 | 10-12 | 13-15 || total
---------------------------+-------+-------+-------+-------+-------++-------
  Melee: Dagger            |    90 |    20 |       |       |       ||   110
         Punch             |     1 |     1 |       |       |       ||     2
         Spear             |       |    59 |    26 |       |       ||    85
         Long sword        |       |       |    74 |   177 |   238 ||   489
   Cast: Summon Small Mamm |     7 |    15 |    16 |    42 |    16 ||    96
         Call Canine Famil |     3 |    21 |    16 |    62 |    53 ||   155
         Call Imp          |     3 |    18 |    18 |    49 |    33 ||   121
         Summon Lightning  |       |       |    17 |    84 |    73 ||   174
 Invoke: Curse Item        |       |       |       |     3 |     4 ||     7
Ability: Hop               |       |     1 |       |     6 |     4 ||    11
    Use: Scroll            |       |     3 |     2 |     5 |     4 ||    14
         Potion            |       |       |       |     4 |     2 ||     6
   Stab: Distracted        |     2 |     2 |     1 |     4 |     4 ||    13
         Sleeping          |     1 |     4 |     3 |     1 |     2 ||    11
 Armour: Robe              |    32 |    45 |    52 |    86 |    62 ||   277
  Dodge: Dodged            |    55 |    57 |    77 |   143 |   125 ||   457
  Block: Kite shield       |       |       |       |   237 |   194 ||   431
